Map: Amygdala

Players

Indy - Winner!

  • Race: Protoss Protoss
  • League: Master
  • Spawn Location: 7:00

A.I. 1 (Very Hard)

  • Race: Zerg Zerg
  • Spawn Location: 1:00

VOD

Have the link to the VOD?

Description

Time

  • Played on: Jan. 21, 2025, 5:36 p.m.
  • Length: 8:33
Show
View Real Time Build Order
Export as new Build Order

Indy Protoss - Winner!

Build Orders: 1 Gate Expand, Zealot Archon, Archon Drop 

Get SALT Encoding   

  12  0:00  Probe  
  13  0:12  Probe  
  14  0:19  Pylon  
  14  0:29  Probe  
  15  0:37  Probe  
  16  0:44  Gateway  
  16  0:45  Probe  
  17  0:51  Assimilator  
  17  0:57  Probe  
  18  1:09  Probe  
  19  1:21  Probe  
  20  1:28  Nexus  
  20  1:35  Cybernetics Core  
  20  1:37  Probe  
  21  1:44  Assimilator  
  21  1:50  Probe  
  21  1:53  Pylon  
  22  2:02  Probe  
  22  2:03  Adept  
  23  2:13  Warp Gate  
  23  2:14  Probe  
  26  2:26  Probe  
  26  2:28  Twilight Council  
  27  2:32  Adept  
  27  2:36  Probe  
  27  2:37  Probe  
  31  2:44  Probe  
  31  2:47  Probe  
  31  2:49  Gateway  
  32  2:52  Probe  
  32  2:58  Probe  
  35  3:06  Probe  
  35  3:07  Robotics Facility  
  35  3:10  Probe  
  37  3:18  Probe  
  38  3:22  Probe  
  38  3:24  Templar Archives  
  39  3:30  Probe  
  39  3:31  Pylon  
  40  3:34  Probe  
  40  3:35  Assimilator  
  40  3:36  Assimilator  
  41  3:43  Probe  
  41  3:46  Probe  
  43  3:49  Warp Prism  
  43  3:55  Probe, Charge, Gateway x2  
  44  3:58  Probe  
  47  4:07  Probe  
  48  4:10  Probe  
  48  4:13  Pylon  
  49  4:18  Pylon  
  49  4:23  Probe  
  50  4:43  High Templar x2  
  54  4:48  Gateway x2  
  54  4:50  High Templar x2, Immortal, Gateway  
  54  4:51  Archon  
  58  4:53  Gateway  
  58  4:54  Archon  
  62  5:09  Pylon  
  62  5:23  Zealot x4, Immortal  
  62  5:27  Pylon x2  
  74  5:45  Zealot x5  
  74  5:46  Zealot  
  86  5:55  Pylon  
  86  5:56  Pylon, Immortal  
  86  6:08  Zealot x2  
  94  6:15  Pylon  
  94  6:16  Pylon  
  94  6:33  High Templar x4  
  94  6:35  Zealot  
  94  6:36  Zealot, High Templar  
  94  6:39  High Templar  
  110  6:40  Archon x2  
  110  6:43  Archon  
  110  6:53  Pylon x2  
  110  6:55  Pylon  
  100  7:10  Zealot  
  100  7:11  Zealot x7  
  112  7:20  Observer  
  111  7:54  Zealot x2  
  111  7:55  Zealot x6  
  127  8:15  Probe x2  
Show
View Real Time Build Order
Export as new Build Order

A.I. 1 (Very Hard) Zerg 

Build Orders: Pool First 

Get SALT Encoding   

  12  0:00  Drone  
  13  0:13  Overlord  
  13  0:16  Drone  
  14  0:31  Drone x2  
  16  0:43  Spawning Pool  
  16  0:45  Drone  
  16  0:49  Drone  
  17  1:11  Hatchery  
  17  1:12  Drone  
  17  1:16  Extractor  
  17  1:18  Drone  
  17  1:22  Drone  
  18  1:28  Drone  
  19  1:38  Overlord  
  19  1:49  Drone  
  19  1:50  Queen  
  22  2:00  Zergling x2  
  23  2:11  Drone  
  24  2:21  Drone  
  25  2:25  Queen  
  27  2:30  Roach Warren  
  27  2:35  Drone  
  27  2:38  Extractor  
  27  2:40  Drone  
  27  2:46  Overlord  
  27  2:49  Drone  
  28  2:52  Drone  
  28  2:56  Drone  
  28  2:58  Drone  
  31  3:04  Drone  
  32  3:06  Zergling x2  
  32  3:08  Zergling x2  
  32  3:12  Roach  
  36  3:16  Roach  
  38  3:20  Roach  
  38  3:25  Roach  
  38  3:27  Drone  
  43  3:30  Drone  
  44  3:35  Overlord  
  44  3:43  Lair  
  44  3:53  Drone x3  
  44  3:54  Drone  
  48  3:56  Drone  
  48  3:59  Drone  
  48  4:01  Drone  
  51  4:04  Drone  
  51  4:08  Overlord  
  52  4:26  Zergling x2, Drone x5  
  58  4:32  Zergling x4, Overlord  
  58  4:36  Overlord  
  60  4:42  Drone, Infestation Pit  
  60  4:44  Hydralisk Den  
  60  4:45  Drone  
  60  4:50  Roach x3  
  66  4:53  Roach  
  66  4:57  Overlord  
  68  5:13  Hydralisk, Zergling x2  
  68  5:14  Hydralisk x2, Zergling x2  
  70  5:15  Hydralisk  
  70  5:17  Zergling x2  
  70  5:19  Hive  
  70  5:21  Drone  
  77  5:22  Drone  
  78  5:31  Overlord  
  78  5:33  Drone  
  75  5:35  Drone x2  
  75  5:36  Drone  
  75  5:39  Queen, Infestor  
  75  5:42  Zergling x2  
  75  5:43  Zergling x2  
  75  5:45  Zergling x2  
  75  5:47  Zergling x2  
  78  5:54  Zergling x2  
  78  5:55  Drone  
  80  6:04  Infestor  
  80  6:06  Overlord  
  80  6:11  Drone, Overlord, Evolution Chamber  
  82  6:12  Evolution Chamber  
  82  6:13  Drone  
  82  6:17  Overlord  
  82  6:21  Overlord  
  82  6:26  Zergling x2  
  82  6:27  Ravager  
  82  6:28  Drone, Extractor  
  82  6:30  Extractor  
  83  6:34  Ravager  
  83  6:37  Drone  
  83  6:39  Drone  
  86  6:43  Hydralisk, Roach  
  90  6:48  Roach  
  90  6:51  Drone x4  
  90  6:54  Drone  
  97  7:01  Drone  
  97  7:04  Roach  
  74  7:11  Overseer  
  74  7:12  Zergling x2  
  74  7:14  Zergling x4  
  74  7:15  Zergling x4  
  66  7:19  Zergling x2, Roach x2  
  69  7:23  Hydralisk  
  50  7:34  Roach  
  35  7:46  Zergling x4, Roach  
  38  7:57  Roach  
  31  8:07  Hydralisk  
Tags
 
Composition
Zealot Archon
League
Master
Matchup
PvZ
Player
Indy
Spawn Locations
Cross Positions
Strategy
Archon Drop
Add a new tag
Caveats
  • Supply blocks, unpowered buildings, or Contaminate may cause inaccurate times.
  • Supply counts are checked every 10 seconds.